[Event "1er Tournoi de GM du Barreau de Paris"]
[Site "Paris, France"]
[Date "2019.12.18"]
[Round "5.5"]
[White "RAKOTOMAHARO, Fy Antenaina"]
[Black "GULIYEV, Namig"]
[Result "1/2-1/2"]
[TimeControl "1h30+30s\cp"]
[WhiteTitle "IM"]
[BlackTitle "GM"]
[WhiteElo "2438"]
[BlackElo "2548"]

1. e4 c5 2. Nf3 d6 3. d4 cxd4 4. Nxd4 Nf6 5. Nc3 a6 6. g3 Nc6 7. Bg2 Nxd4 8. Qxd4 e5 9. Qd3 Be6 10.
Bg5 h6 11. Bxf6 Qxf6 12. Nd5 Qd8 13. O-O-O Rc8 14. Qb3 b5 15. a4 Qa5 16. axb5 axb5 17. Bf1 Bd7 1/2-1/2



[ePGN "0.1;DGT LiveChess/2.2.5"]

[Event "1er Tournoi de GM du Barreau de Paris"]
[Site "Paris, France"]
[Date "2019.12.19"]
[Round "6.1"]
[White "FEDORCHUK, Sergey"]
[Black "RAKOTOMAHARO, Fy Antenaina"]
[Result "1-0"]
[TimeControl "1h30+30s\cp"]
[WhiteTitle "GM"]
[BlackTitle "IM"]
[WhiteElo "2636"]
[BlackElo "2438"]

1. e4 c5 2. Nf3 d6 3. d4 cxd4 4. Nxd4 Nf6 5. Nc3 a6 6. a3 e6 7. f4 Qc7 8. Bd3 Nbd7 9. O-O Nc5 10.
Kh1 Be7 11. Qe1 b6 12. b4 Nxd3 13. cxd3 O-O 14. Bb2 Bb7 15. Rf3 Nd7 16. Rh3 Bf6 17. Nf3 Rfc8 18. d4 Nf8 19. Rc1 Qd8 20.
Rd1 Ng6 21. Qe3 a5 22. b5 Rc4 23. Rd3 Rac8 24. Nd2 R4c7 25. Kg1 Qe8 26. Rf3 e5 27. fxe5 dxe5 28. d5 Nf4 29. Qxb6 Bd8 30.
Qe3 Bg5 31. Qf2 Nxd3 32. Rxd3 Rxc3 33. Rxc3 Rxc3 34. Bxc3 Qxb5 35. Qa7 f6 36. a4 Qd7 37. Nf3 Bh6 38. Bxa5 Qc8 39. Bd2 g5 40. Qb6 Kf7 41. h3 Bf8 42.
Be3 Ba6 43. a5 Qc4 44. Qe6+ Kg7 45. Qd7+ Kg8 46. Qf5 Kg7 47. d6 Qd3 48. Bc5 Qc4 49. Bb6 Qc1+ 50. Kh2 Bxd6 51. Qd7+ Kg6 52. Qxd6 Qf4+ 53. Kh1 Bb7 54. Nd2 g4 55. Qd3 gxh3 56. g3 Qg4 57. Kh2 Qd1 58. Be3 Bc8 59. Qf1 Qg4 60. a6 h5 61. a7 Bb7 62.
Qc4 Kg7 63. Qc7+ Kg6 64. Qc4 Kg7 65. Bf2 h4 66. Qd3 Ba8 67. Qe3 Kf7 68. Nc4 hxg3+ 69. Bxg3 Qd1 70. Qd2 Qb3 71. Qd7+ Kg6 72. Qe8+ Kg5 73. Qg8+ Kh5 74. Qh7+ 1-0

[Event "1er Tournoi de GM du Barreau de Paris"]
[Site "Paris, France"]
[Date "2019.12.19"]
[Round "6.2"]
[White "DAVID, Alberto"]
[Black "SOCHACKI, Wojtek"]
[Result "1/2-1/2"]
[TimeControl "1h30+30s\cp"]
[WhiteTitle "GM"]
[BlackTitle "IM"]
[WhiteElo "2545"]
[BlackElo "2320"]

1. c4 e5 2. g3 Nf6 3. Bg2 d5 4. cxd5 Nxd5 5. Nc3 Nb6 6. d3 Be7 7. Bd2 O-O 8. Rc1 Re8 9. Nf3 Nc6 10.
Ne4 Bg4 11. h3 Be6 12. O-O a5 13. a3 a4 14. Be3 Bb3 15. Qd2 Nd7 16. g4 Nf8 17. Rxc6 bxc6 18. Nxe5 Bd5 19. Rc1 Ra6 20.
Qc3 Ng6 21. Nxg6 1/2-1/2

[Event "1er Tournoi de GM du Barreau de Paris"]
[Site "Paris, France"]
[Date "2019.12.19"]
[Round "6.3"]
[White "DI NICOLANTONIO, Lucas"]
[Black "LOISEAU, Quentin"]
[Result "0-1"]
[TimeControl "1h30+30s\cp"]
[WhiteTitle "IM"]
[BlackTitle "IM"]
[WhiteElo "2408"]
[BlackElo "2470"]

1. e4 c6 2. d4 d5 3. f3 e5 4. dxe5 Bc5 5. Nc3 Ne7 6. f4 Qb6 7. Nf3 Bf2+ 8. Ke2 a5 9. exd5 cxd5 10.
Qd3 Nbc6 11. Nd1 Bc5 12. Qb3 Nb4 13. a4 d4 14. Ke1 Bf5 15. Bb5+ Nec6 0-1

[Event "1er Tournoi de GM du Barreau de Paris"]
[Site "Paris, France"]
[Date "2019.12.19"]
[Round "6.5"]
[White "MOUHAMAD, Joachim"]
[Black "LAMARD, Guillaume"]
[Result "0-1"]
[TimeControl "1h30+30s\cp"]
[WhiteTitle "FM"]
[BlackTitle "FM"]
[WhiteElo "2293"]
[BlackElo "2452"]

1. d4 d5 2. c4 e6 3. Nc3 Be7 4. cxd5 exd5 5. Bf4 c6 6. e3 Bf5 7. Nf3 Nd7 8. Be2 Ngf6 9. h3 O-O 10.
O-O Ne4 11. Nxe4 dxe4 12. Nd2 Nf6 13. Rc1 Bg6 14. Bh2 Nd5 15. Nb3 Rc8 16. Nc5 b6 17. Na4 Nb4 18. Qb3 Nd3 19. Rcd1 c5 20.
dxc5 Bxc5 21. Nc3 Qg5 22. Bxd3 exd3 23. Rd2 Rfe8 24. Bf4 Qe7 25. Re1 Qb7 26. a3 h6 27. Kh2 Qc6 28. f3 Bd6 29.
Bxd6 Qxd6+ 30. g3 Kh7 31. Qb4 Qc6 32. Qf4 Rcd8 33. Kg2 Re6 34. e4 Qc4 35. g4 f6 36. Re3 Rc6 37. Qg3 Rd4 38.
Qe1 Rcd6 39. Qd1 b5 40. Qe1 Qb3 41. Qf1 Bf7 42. Nd1 b4 43. axb4 Qxb4 44. Qe1 Rc6 45. Nc3 a5 46. Qf2 Rxc3 47.
bxc3 Qxc3 48. Re1 a4 49. Red1 a3 50. Qe1 a2 51. Kf2 Bb3 52. Ra1 Ra4 53. Kg2 Bc2 54. Qc1 Qe5 55. Rf2 Ra7 56.
Rf1 Qc3 57. Rd1 Ra3 58. Rd2 Ra5 59. Rf2 Qe5 60. Rd2 Ra8 61. Rf2 Ra4 62. Rd2 Qc3 63. Rf2 Kh8 64. Rd2 Ra8 65. Rf2 Ra5 66. Rd2 h5 67. Kg3 Kh7 68. Rf2 Qe5+ 69. Kg2 h4 70. Qe1 Qg3+ 71. Kh1 Rb5 0-1



[ePGN "0.1;DGT LiveChess/2.2.5"]

[Event "1er Tournoi de GM du Barreau de Paris"]
[Site "Paris, France"]
[Date "2019.12.19"]
[Round "7.1"]
[White "GULIYEV, Namig"]
[Black "FEDORCHUK, Sergey"]
[Result "1/2-1/2"]
[TimeControl "1h30+30s\cp"]
[WhiteTitle "GM"]
[BlackTitle "GM"]
[WhiteElo "2548"]
[BlackElo "2636"]

1. e4 e5 2. Nf3 Nc6 3. Bb5 Nf6 4. O-O Nxe4 5. Re1 Nd6 6. Nxe5 Be7 7. Bf1 Nxe5 8. Rxe5 O-O 9. d4 Bf6 10.
Re1 Re8 11. Rxe8+ Nxe8 12. c3 d5 13. Bd3 g6 14. Bf4 Ng7 15. Nd2 c6 16. h3 Bf5 17. Bxf5 1/2-1/2

[Event "1er Tournoi de GM du Barreau de Paris"]
[Site "Paris, France"]
[Date "2019.12.19"]
[Round "7.2"]
[White "LOISEAU, Quentin"]
[Black "DAVID, Alberto"]
[Result "0-1"]
[TimeControl "1h30+30s\cp"]
[WhiteTitle "IM"]
[BlackTitle "GM"]
[WhiteElo "2470"]
[BlackElo "2545"]

1. e4 e6 2. d4 d5 3. Nc3 Nf6 4. Bg5 Bb4 5. e5 h6 6. Bh4 g5 7. Bg3 Ne4 8. Nge2 c5 9. a3 Bxc3+ 10. Nxc3 Qa5 11. b4 Nxc3 12.
bxa5 Nxd1 13. Rxd1 cxd4 14. h4 Rf8 15. hxg5 hxg5 16. Rh5 Nc6 17. Rxg5 Bd7 18. Rh5 Rc8 19. a6 b6 20. Bh4 Na5 21.
Rxd4 Rxc2 22. Bd3 Rc1+ 23. Ke2 Nb3 24. Rb4 Nc5 25. Bf6 Rc3 26. Bb1 Bc8 27. Kd2 Rxa3 28. Rbh4 Bxa6 29. Rh8 Rxh8 30.
Rxh8+ Kd7 31. Rf8 Ra1 32. Rxf7+ Kc6 33. Bg6 d4 34. Rxa7 Ra2+ 35. Kc1 Rxf2 36. Be7 Bc4 37. Bxc5 bxc5 38.
g4 Bd5 39. g5 Kb6 40. Rd7 c4 41. Bf7 c3 42. Bxe6 Bxe6 43. Rd6+ Kc5 44. Rxe6 d3 45. Rf6 Ra2 0-1

[Event "1er Tournoi de GM du Barreau de Paris"]
[Site "Paris, France"]
[Date "2019.12.19"]
[Round "7.3"]
[White "LAMARD, Guillaume"]
[Black "MAURIZZI, Marc Andria"]
[Result "1/2-1/2"]
[TimeControl "1h30+30s\cp"]
[WhiteTitle "FM"]
[BlackTitle "IM"]
[WhiteElo "2452"]
[BlackElo "2404"]

1. Nf3 Nf6 2. c4 b6 3. g3 Bb7 4. Bg2 g6 5. b3 Bg7 6. Bb2 c5 7. O-O O-O 8. d4 cxd4 9. Qxd4 Nc6 10.
Qc3 Qc7 11. Rd1 Rad8 12. Qe1 d5 13. cxd5 Rxd5 14. Rxd5 Nxd5 15. Bxg7 Kxg7 16. Nc3 Nf6 17. Rc1 Rc8 18. Nb5 Qb8 19.
Qd2 a6 20. Na3 Rd8 21. Qb2 b5 22. Nc2 Qd6 23. Nce1 a5 24. Nd3 Nb4 25. Nde5 h6 26. Nxf7 Kxf7 27. Ne5+ Kg7 28. Bxb7 Nxa2 29.
Qxa2 Qxe5 30. Qxa5 Rd4 31. Bf3 g5 32. e3 Rd3 33. Qb4 Rxe3 34. fxe3 Qxe3+ 35. Kg2 Qxc1 36. Qxe7+ Kg6 37. Be4+ Nxe4 38.
Qxe4+ Kg7 39. Qe5+ Kg6 40. Qxb5 Qc2+ 41. Kg1 Qc1+ 42. Kg2 Qc2+ 43. Kh3 Qc8+ 1/2-1/2

[Event "1er Tournoi de GM du Barreau de Paris"]
[Site "Paris, France"]
[Date "2019.12.19"]
[Round "7.4"]
[White "RAKOTOMAHARO, Fy Antenaina"]
[Black "DI NICOLANTONIO, Lucas"]
[Result "0-1"]
[TimeControl "1h30+30s\cp"]
[WhiteTitle "IM"]
[BlackTitle "IM"]
[WhiteElo "2438"]
[BlackElo "2408"]

1. e4 c5 2. Nf3 d6 3. d4 cxd4 4. Nxd4 Nf6 5. Nc3 a6 6. g3 e5 7. Nb3 Be7 8. Bg5 Be6 9. Bxf6 Bxf6 10.
h4 O-O 11. Qd2 a5 12. a4 Na6 13. O-O-O Qb6 14. Bb5 Rfd8 15. Rhe1 Nb4 16. Qe3 Qc7 17. Kb1 Rac8 18. Qa7 d5 19.
exd5 Nxd5 20. Rxd5 Bxd5 21. Qxa5 b6 22. Qb4 e4 23. Re2 Bxc3 24. bxc3 Qxc3 25. Qxc3 Rxc3 26. Kb2 Rcc8 27. g4 f6 28.
Nd2 Be6 29. Rxe4 Rxd2 30. Rxe6 Rdxc2+ 31. Kb3 Rxf2 32. Rxb6 Rf3+ 33. Kb4 Rf4+ 34. Ka5 Rxg4 35. Bd7 Ra8+ 36.
Ra6 Rxa6+ 37. Kxa6 Rxh4 38. a5 Kf8 39. Kb5 Rh1 40. a6 Ke7 41. Bc6 Ra1 42. Kb6 Kd6 43. Bb5 Ke5 44. a7 Rxa7 45.
Kxa7 Kf4 46. Kb6 Kg3 47. Kc5 h5 48. Kd4 h4 49. Ke3 h3 50. Bc6 f5 51. Ke2 f4 52. Kf1 h2 53. Bh1 f3 54.
Ke1 g5 55. Kf1 g4 0-1

[Event "1er Tournoi de GM du Barreau de Paris"]
[Site "Paris, France"]
[Date "2019.12.19"]
[Round "7.5"]
[White "SOCHACKI, Wojtek"]
[Black "MOUHAMAD, Joachim"]
[Result "1-0"]
[TimeControl "1h30+30s\cp"]
[WhiteTitle "IM"]
[BlackTitle "FM"]
[WhiteElo "2320"]
[BlackElo "2293"]

1. Nf3 Nf6 2. c4 g6 3. b3 Bg7 4. Bb2 O-O 5. g3 c5 6. Bg2 Nc6 7. O-O d6 8. d4 Ne4 9. h3 Rb8 10.
Nbd2 Nxd2 11. Qxd2 cxd4 12. Nxd4 Nxd4 13. Bxd4 Bxd4 14. Qxd4 Qa5 15. h4 Be6 16. Rfd1 Rfc8 17. a4 Rc5 18.
Qd2 Qxd2 19. Rxd2 b6 20. e3 Kg7 21. Kf1 h6 22. Ke2 Rbc8 23. Rad1 Bd7 24. Rd5 Kf6 25. Kd3 R5c7 26. e4 Be6 27.
Rb5 Bg4 28. Ra1 Bd7 29. Rb4 Rc5 30. Ke3 Ra5 31. Bf1 g5 32. hxg5+ hxg5 33. Bd3 Rh8 34. Rb5 Rb8 35. b4 Rxb5 36.
axb5 Rb7 37. f4 gxf4+ 38. gxf4 Rc7 39. Rf1 Bc8 40. Kd4 Rd7 41. Ke3 Rc7 42. Rg1 a6 43. bxa6 Bxa6 44. b5 Bc8 45.
Rg8 Rc5 46. Rd8 Be6 47. Kd4 Bc8 48. e5+ dxe5+ 49. fxe5+ Kg5 50. Rg8+ Kf4 51. Rf8 Be6 52. Rb8 Rc8 53. Rxb6 Rd8+ 54. Kc3 Kxe5 55. c5 f5 56. Rb7 Re8 57. Bc4 f4 58. Ra7 f3 59.
Ra1 Bh3 60. b6 f2 61. Kb4 Bg2 62. Bf1 Bd5 63. Bb5 Rf8 64. Rc1 Rb8 65. Rf1 Rf8 66. c6 Kd6 67. Rd1 Rf4+ 68. Ka5 Kc5 69.
Rxd5 Kxd5 70. b7 f1=Q 71. Bxf1 Rxf1 72. c7 1-0



[ePGN "0.1;DGT LiveChess/2.2.5"]

[Event "1er Tournoi de GM du Barreau de Paris"]
[Site "Paris, France"]
[Date "2019.12.20"]
[Round "8.1"]
[White "DAVID, Alberto"]
[Black "RAKOTOMAHARO, Fy Antenaina"]
[Result "1/2-1/2"]
[TimeControl "1h30 + 30s/cp"]
[WhiteTitle "GM"]
[BlackTitle "IM"]
[WhiteElo "2545"]
[BlackElo "2438"]

1. e4 e5 2. Nf3 Nc6 3. Bb5 a6 4.
Ba4 Nf6 5. O-O Be7 6. Re1 b5 7. Bb3 d6 8. c3 O-O 9. d4 Bg4 10. Be3 Bh5 11. Nbd2 exd4 12. cxd4 Na5 13. Bc2 c5 14.
dxc5 dxc5 15. Qb1 Bg6 16. Bg5 Nh5 17. Be3 Nf6 18. Bg5 Nh5 19. Be3 Nf6 20. Bg5 1/2-1/2

[Event "1er Tournoi de GM du Barreau de Paris"]
[Site "Paris, France"]
[Date "2019.12.20"]
[Round "8.2"]
[White "LAMARD, Guillaume"]
[Black "SOCHACKI, Wojtek"]
[Result "1-0"]
[TimeControl "1h30 + 30s/cp"]
[WhiteTitle "FM"]
[BlackTitle "IM"]
[WhiteElo "2452"]
[BlackElo "2320"]

1. e4 e5 2. Nf3 Nc6 3. Bb5 a6 4. Ba4 Nf6 5. Nc3 b5 6. Bb3 Bc5 7. d3 Bb7 8. O-O d6 9. a3 Nd4 10.
Nxd4 Bxd4 11. a4 b4 12. Ne2 Ba7 13. a5 O-O 14. Bd2 Rb8 15. Qe1 d5 16. Ng3 Re8 17. Bg5 h6 18. Bxf6 Qxf6 19.
exd5 c6 20. Ne4 Qg6 21. d6 Kh8 22. d7 Re7 23. Qxb4 c5 24. Qxb7 1-0

[Event "1er Tournoi de GM du Barreau de Paris"]
[Site "Paris, France"]
[Date "2019.12.20"]
[Round "8.3"]
[White "DI NICOLANTONIO, Lucas"]
[Black "GULIYEV, Namig"]
[Result "1-0"]
[TimeControl "1h30 + 30s/cp"]
[WhiteTitle "IM"]
[BlackTitle "GM"]
[WhiteElo "2408"]
[BlackElo "2548"]

1. e4 c5 2. Nf3 d6 3. d4 cxd4 4. Nxd4 Nf6 5. Nc3 a6 6. Bg5 e6 7. f4 b5 8. e5 dxe5 9. fxe5 Qc7 10.
exf6 Qe5+ 11. Be2 Qxg5 12. O-O Ra7 13. Qd3 Rd7 14. Ne4 Qe5 15. Nf3 Bc5+ 16. Kh1 Qxb2 17. Qb3 Qxb3 18. cxb3 Bf8 19.
Rac1 Rd8 20. Rc7 Rg8 21. Ne5 Bd7 22. Nxf7 Rc8 23. Ned6+ Bxd6 24. Nxd6+ Kd8 25. Nxc8 Bxc8 26. Rxg7 Rf8 27.
Bg4 1-0

[Event "1er Tournoi de GM du Barreau de Paris"]
[Site "Paris, France"]
[Date "2019.12.20"]
[Round "8.4"]
[White "MAURIZZI, Marc Andria"]
[Black "FEDORCHUK, Sergey"]
[Result "1/2-1/2"]
[TimeControl "1h30 + 30s/cp"]
[WhiteTitle "IM"]
[BlackTitle "GM"]
[WhiteElo "2404"]
[BlackElo "2636"]

1. e4 c5 2. Nf3 e6 3. d4 cxd4 4. Nxd4 Nc6 5. Nc3 Nf6 6. Nxc6 bxc6 7. e5 Nd5 8. Ne4 Bb7 9. c4 Nb4 10.
Bd2 c5 11. Bxb4 cxb4 12. Nd6+ Bxd6 13. Qxd6 Qb6 14. O-O-O Qxd6 15. Rxd6 Rc8 16. Bd3 Ke7 17. Rd4 Rc5 18. Re1 a5 19.
Kd2 g5 20. g3 Bf3 1/2-1/2

[Event "1er Tournoi de GM du Barreau de Paris"]
[Site "Paris, France"]
[Date "2019.12.20"]
[Round "8.5"]
[White "MOUHAMAD, Joachim"]
[Black "LOISEAU, Quentin"]
[Result "1/2-1/2"]
[TimeControl "1h30 + 30s/cp"]
[WhiteTitle "FM"]
[BlackTitle "IM"]
[WhiteElo "2293"]
[BlackElo "2470"]

1. e4 e5 2. Nf3 Nc6 3. Nc3 Nf6 4. d4 Bb4 5. d5 Nb8 6. Bd2 d6 7. Bd3 Nbd7 8. Qe2 Nc5 9. a3 Bxc3 10.
Bxc3 O-O 11. b4 Nxd3+ 12. cxd3 Nh5 13. Bd2 Qf6 14. Rc1 Bg4 15. h3 Bxf3 16. Qxf3 Qxf3 17. gxf3 Rfc8 18. Ke2 Kf8 19.
Rhg1 g6 20. Rc4 Ke7 21. Rgc1 Kd7 22. f4 Nxf4+ 23. Bxf4 exf4 24. Kf3 b5 25. Rc6 a5 26. bxa5 Rxa5 27. R1c3 f6 28. Kxf4 Ra7 29.
Ke3 Rb8 30. Rb3 Ra5 31. h4 Rba8 32. Rcc3 R8a7 33. Rc1 Rxa3 34. Rxb5 Ra1 35. Rbb1 Rxb1 36. Rxb1 Ra8 37. h5 Rg8 38.
hxg6 hxg6 39. Rh1 Rg7 40. d4 Re7 41. Rh6 Rg7 42. Rh8 Ke7 43. Kf4 Kd7 44. f3 Ke7 45. Ke3 Kd7 46. Kf2 Ke7 47.
Kg3 Kd7 48. f4 Re7 49. Kf3 Rf7 50. Rg8 g5 51. Kg4 gxf4 52. Kxf4 c6 53. dxc6+ Kxc6 54. Kf5 Kd7 55. Ra8 d5 56. Ra7+ Ke8 57. Ra8+ Kd7 58.
exd5 Kd6 59. Ra6+ Kxd5 60. Rxf6 Rxf6 61. Kxf6 Kxd4 1/2-1/2


[ePGN "0.1;DGT LiveChess/2.2.5"]

[Event "1er Tournoi de GM du Barreau de Paris"]
[Site "Paris, France"]
[Date "2019.12.20"]
[Round "9.1"]
[White "FEDORCHUK, Sergey"]
[Black "DI NICOLANTONIO, Lucas"]
[Result "1/2-1/2"]
[TimeControl "1h30 + 30s/cp"]
[WhiteTitle "GM"]
[BlackTitle "IM"]
[WhiteElo "2636"]
[BlackElo "2408"]

1. e4 c5 2. Nf3 d6 3. d4 cxd4 4. Nxd4 Nf6 5. Nc3 a6 6. Be2 e5 7. Nf3 Be7 8. Bg5 Be6 9. Bxf6 Bxf6 10.
Nd5 Nd7 11. Bc4 Rc8 12. Qe2 Nb6 13. Nxb6 1/2-1/2

[Event "1er Tournoi de GM du Barreau de Paris"]
[Site "Paris, France"]
[Date "2019.12.20"]
[Round "9.3"]
[White "LOISEAU, Quentin"]
[Black "LAMARD, Guillaume"]
[Result "1/2-1/2"]
[TimeControl "1h30 + 30s/cp"]
[WhiteTitle "IM"]
[BlackTitle "FM"]
[WhiteElo "2470"]
[BlackElo "2452"]

1. Nf3 Nf6 2. c4 g6 3. Nc3 Bg7 4. e4 d6 5. d4 O-O 6. Be2 Nbd7 7. O-O e5 8. Be3 Re8 9. d5 Ng4 10.
Bg5 f6 11. Bd2 Nh6 12. Qc1 Nf7 13. Ne1 f5 14. Nd3 Nf6 15. f3 c5 16. Rb1 a5 17. Bd1 Bd7 18. Nf2 Rf8 19. Ba4 Bc8 20.
exf5 gxf5 21. f4 exf4 22. Bxf4 Nh5 23. Nh3 Kh8 24. Ne2 Qe7 25. Qc2 Ne5 26. Rbe1 Qf6 27. Bg5 Qg6 28. Kh1 Rg8 29.
Nef4 Nxf4 30. Bxf4 b6 31. Bb5 Bf6 32. Re3 Ra7 33. Rg3 Qh5 34. Qd1 Qh4 35. Qe1 Rg4 36. Re3 Rag7 37. Qxh4 Rxh4 38.
b3 Rg8 39. Re2 Rg7 1/2-1/2

[Event "1er Tournoi de GM du Barreau de Paris"]
[Site "Paris, France"]
[Date "2019.12.20"]
[Round "9.4"]
[White "RAKOTOMAHARO, Fy Antenaina"]
[Black "MOUHAMAD, Joachim"]
[Result "1-0"]
[TimeControl "1h30 + 30s/cp"]
[WhiteTitle "IM"]
[BlackTitle "FM"]
[WhiteElo "2438"]
[BlackElo "2293"]

1. e4 e5 2. Nf3 Nf6 3. d4 Nxe4 4. Bd3 d5 5. Nxe5 Nd7 6. Nc3 Nxc3 7. bxc3 Nxe5 8. dxe5 Be7 9. O-O O-O 10.
f4 f5 11. Be3 Be6 12. Qd2 Qd7 13. a4 Rfd8 14. Qf2 b6 15. Rfd1 c5 16. Be2 Qc6 17. Bf3 Qe8 18. a5 Rac8 19.
axb6 axb6 20. Ra7 Rd7 21. Rxd7 Qxd7 22. Bxd5 Qxd5 23. Rxd5 Bxd5 24. Qd2 Be6 25. c4 Ra8 26. Qd3 Ra1+ 27.
Kf2 Ra4 28. g4 g6 29. g5 Rxc4 30. Ke1 Kf7 31. Kd2 b5 32. h4 b4 33. Qf1 Re4 34. Qb5 c4 35. Bc5 c3+ 36. Kd1 Bxc5 37.
Qxc5 Bc4 38. Qd6 Ke8 39. Qb8+ Kd7 40. h5 Be2+ 41. Ke1 Bxh5+ 42. Kf2 Rxf4+ 43. Kg3 Rg4+ 44. Kh3 Re4 45. Qd6+ Kc8 46.
e6 Bg4+ 47. Kh4 Bd1+ 48. Kg3 Bxc2 49. Qd7+ Kb8 50. Qd8+ Kb7 51. Qd7+ Kb8 52. e7 Ba4 53. Qxa4 Rxe7 54. Qxb4+ Rb7 55.
Qxc3 Rc7 56. Qb4+ Kc8 57. Kf4 Kd7 58. Ke5 Kc8 59. Qb6 Rb7 60. Qc6+ Rc7 61. Qe8+ Kb7 62. Kd6 Rg7 63. Qb5+ Kc8 64.
Qc4+ Kb8 65. Qb3+ Rb7 66. Qg8+ Ka7 67. Kc6 Rb6+ 68. Kc5 Rb7 69. Qa2+ Kb8 70. Qa5 Rc7+ 71. Kb6 Re7 72. Kc6 Rb7 73.
Qd8+ Ka7 74. Kc5 Rf7 75. Qa5+ Kb7 76.
Qb6+ Kc8 77. Qe6+ 1-0

[Event "1er Tournoi de GM du Barreau de Paris"]
[Site "Paris, France"]
[Date "2019.12.20"]
[Round "9.5"]
[White "SOCHACKI, Wojtek"]
[Black "MAURIZZI, Marc Andria"]
[Result "0-1"]
[TimeControl "1h30 + 30s/cp"]
[WhiteTitle "IM"]
[BlackTitle "IM"]
[WhiteElo "2320"]
[BlackElo "2404"]

1. Nf3 Nf6 2. g3 b6 3. Bg2 Bb7 4. O-O g6 5. d3 d6 6. e4 c5 7. Nc3 Bg7 8. d4 Nxe4 9. Nxe4 Bxe4 10.
d5 O-O 11. Re1 Bxf3 12. Qxf3 Nd7 13. a4 Bf6 14. Ra3 a6 15. Bf1 Ne5 16. Qe4 Qc7 17. f4 Nd7 18. g4 Rfe8 19. Kh1 e6 20.
dxe6 fxe6 21. c4 Bd4 22. Bg2 d5 23. Qe2 Nf6 24. Be3 Rad8 25. Bxd4 cxd4 26. cxd5 exd5 27. Qf1 Rxe1 28. Qxe1 Re8 29.
Qd2 Ne4 30. Bxe4 Rxe4 31. Rf3 Qe7 32. Kg1 Qe6 33. h3 Re3 34. Kf2 Qe4 35. Qd1 Kf7 36. Qh1 Re2+ 37. Kg3 Re3 38. Qf1 d3 39.
Rxe3 Qxe3+ 40. Kh4 d2 0-1